General information
- name: BNet
- type: Ladder team game (AT/RT)
- host: Battle.net
- saver: BLIZZCONN-KID
map: Deadlands
- players: 8
- length: 40:28
- speed: Fast
- version: 1.28 W3XP
- replay type: Public
» download(405 KB)
Players
team 1 (loser)

»
liu (
blue | 86 APM | 3271 actions | 38:14)
7 Tauren Chieftain
2 War Stomp
3 Endurance Aura
1 Reincarnation
1 Shockwave
4 Naga Sea Witch
2 Frost Arrows
1 Mana Shield
1 Forked Lightning
» actions
| Assign group hotkey | 36 | |
| Basic commands | 102 | |
| Build / train | 89 | |
| Enter build submenu | 16 | |
| Enter hero's abilities submenu | 12 | |
| Give item / drop item | 2 | |
| Right click | 1303 | |
| Select / deselect | 396 | |
| Select group hotkey | 1182 | |
| Use ability | 133 | |
3271 total
» units
| Peon | 8 | |
| Troll Headhunter/Berserker | 22 | |
| Demolisher | 3 | |
| Troll Witch Doctor | 6 | |
39 total
» upgrades
| Ranged Weapons | 3 | |
| Armor | 2 | |
| Troll Regeneration | 1 | |
| Berserker Upgrade | 1 | |
| Burning Oil | 1 | |
| Witch Doctor Training | 2 | |
10 total
» buildings
| Altar of Storms | 1 | |
| Orc Burrow | 5 | |
| War Mill | 1 | |
| Barracks | 2 | |
| Voodoo Lounge | 1 | |
| Stronghold | 1 | |
| Fortress | 1 | |
| Spirit Lodge | 1 | |
| Great Hall | 1 | |
14 total
» build order
00:44 Altar of Storms
00:57 Orc Burrow
01:25 War Mill
01:52 Barracks
01:58 Orc Burrow
02:09 Voodoo Lounge
02:48 Barracks
04:16 Orc Burrow
05:18 Stronghold
05:24 Orc Burrow
08:23 Fortress
08:26 Spirit Lodge
10:58 Great Hall
13:01 Orc Burrow
» items
| Lesser Clarity Potion | 2 | |
| Healing Salve | 10 | |
| Scroll of Speed | 2 | |
| Scroll of Town Portal | 4 | |
| Orb of Lightning | 1 | |
| Potion of Lesser Invulnerability | 1 | |
20 total

»
darksideofhemp (
orange | 58 APM | 2178 actions | 37:19)
3 Death Knight
2 Death Coil
1 Unholy Aura
6 Dreadlord
3 Sleep
2 Vampiric Aura
1 Inferno
» actions
| Assign group hotkey | 36 | |
| Basic commands | 256 | |
| Build / train | 89 | |
| Enter build submenu | 31 | |
| Enter hero's abilities submenu | 9 | |
| Remove unit from queue | 2 | |
| Right click | 1067 | |
| Select / deselect | 498 | |
| Select group hotkey | 98 | |
| Use ability | 92 | |
2178 total
» units
| Acolyte | 15 | |
| Ghoul | 12 | |
| Gargoyle | 12 | |
| Banshee | 2 | |
41 total
» upgrades
| Cannibalize | 1 | |
| Web | 1 | |
| Creature Attack | 3 | |
| Creature Carapace | 3 | |
| Banshee Training | 2 | |
| Ghoul Frenzy | 1 | |
| Destroyer Form | 1 | |
| Stone Form | 1 | |
13 total
» buildings
| Altar of Darkness | 2 | |
| Crypt | 3 | |
| Graveyard | 1 | |
| Ziggurat | 16 | |
| Tomb of Relics | 1 | |
| Nerubian Tower | 4 | |
| Spirit Tower | 5 | |
| Halls of the Dead | 1 | |
| Necropolis | 1 | |
| Black Citadel | 1 | |
| Temple of the Damned | 1 | |
| Slaughterhouse | 1 | |
| Sacrificial Pit | 1 | |
| Boneyard | 1 | |
39 total
» build order
00:14 Altar of Darkness
00:19 Crypt
00:23 Altar of Darkness
00:34 Graveyard
00:53 Ziggurat
01:18 Ziggurat
01:34 Tomb of Relics
02:33 Nerubian Tower
04:12 Ziggurat
04:31 Ziggurat
05:20 Spirit Tower
05:27 Nerubian Tower
06:13 Ziggurat
06:15 Ziggurat
06:21 Halls of the Dead
07:53 Ziggurat
07:58 Ziggurat
08:05 Ziggurat
08:22 Ziggurat
08:25 Ziggurat
08:30 Spirit Tower
09:00 Spirit Tower
09:06 Necropolis
09:17 Spirit Tower
09:20 Spirit Tower
09:51 Black Citadel
10:01 Temple of the Damned
10:30 Slaughterhouse
10:58 Ziggurat
11:01 Ziggurat
11:03 Ziggurat
11:44 Crypt
11:52 Crypt
12:08 Nerubian Tower
12:12 Nerubian Tower
12:35 Sacrificial Pit
18:33 Boneyard
23:18 Ziggurat
23:21 Ziggurat
» items
| Rod of Necromancy | 1 | |
| Sacrificial Skull | 1 | |
| Scroll of Town Portal | 3 | |
| Boots of Speed | 1 | |
| Healing Salve | 1 | |
7 total
71uuaid217 (
teal | 113 APM | 4587 actions | 40:26)
6 Archmage
3 Summon Water Elemental
2 Brilliance Aura
1 Mass Teleport
5 Mountain King
2 Storm Bolt
3 Bash
4 Dark Ranger
2 Black Arrow
2 Silence
» actions
| Assign group hotkey | 91 | |
| Basic commands | 389 | |
| Build / train | 167 | |
| ESC pressed | 4 | |
| Enter build submenu | 46 | |
| Enter hero's abilities submenu | 16 | |
| Give item / drop item | 7 | |
| Right click | 1302 | |
| Select / deselect | 583 | |
| Select group hotkey | 1648 | |
| Use ability | 334 | |
4587 total
» units
| Peasant | 11 | |
| Footman | 4 | |
| Rifleman | 8 | |
| Goblin Shredder | 2 | |
| Priest | 2 | |
| Dragonhawk Rider | 2 | |
| Sorceress | 3 | |
| Goblin Sapper | 4 | |
| Gryphon Rider | 1 | |
37 total
» upgrades
| Gunpowder | 3 | |
| Long Rifles | 1 | |
| Armor | 3 | |
| Masonry | 3 | |
| Sorceress Training | 2 | |
| Priest Training | 2 | |
| Plating | 3 | |
| Swords | 3 | |
| Storm Hammers | 1 | |
| Cloud | 1 | |
| Animal War Training | 1 | |
| Lumber Harvesting | 1 | |
| Control Magic | 1 | |
25 total
» buildings
| Altar of Kings | 1 | |
| Barracks | 2 | |
| Farm | 10 | |
| Arcane Vault | 2 | |
| Lumber Mill | 1 | |
| Blacksmith | 1 | |
| Keep | 2 | |
| Town Hall | 2 | |
| Scout Tower | 19 | |
| Guard Tower | 22 | |
| Castle | 2 | |
| Arcane Sanctum | 2 | |
| Gryphon Aviary | 2 | |
| Arcane Tower | 6 | |
74 total
» build order
01:06 Altar of Kings
01:09 Barracks
01:13 Farm
01:14 Farm
01:24 Farm
02:01 Arcane Vault
02:11 Farm
02:15 Lumber Mill
02:55 Blacksmith
04:26 Keep
04:26 Keep
05:23 Farm
05:59 Town Hall
06:01 Scout Tower
06:02 Scout Tower
06:03 Scout Tower
06:04 Scout Tower
07:01 Guard Tower
07:01 Guard Tower
07:01 Guard Tower
07:01 Guard Tower
07:02 Guard Tower
09:41 Castle
09:41 Castle
11:41 Scout Tower
11:44 Scout Tower
11:46 Scout Tower
11:48 Scout Tower
11:59 Farm
12:00 Farm
12:17 Guard Tower
12:17 Guard Tower
12:17 Guard Tower
12:18 Guard Tower
12:21 Scout Tower
12:25 Farm
12:34 Guard Tower
12:34 Guard Tower
12:59 Guard Tower
12:59 Guard Tower
13:04 Arcane Sanctum
13:05 Arcane Sanctum
13:09 Barracks
14:41 Gryphon Aviary
14:46 Gryphon Aviary
16:37 Farm
20:17 Farm
24:24 Town Hall
24:25 Scout Tower
24:27 Scout Tower
24:29 Scout Tower
24:32 Scout Tower
24:35 Scout Tower
25:05 Guard Tower
25:05 Guard Tower
25:23 Arcane Tower
25:23 Arcane Tower
25:23 Arcane Tower
25:25 Arcane Tower
25:25 Arcane Tower
25:25 Arcane Tower
26:58 Scout Tower
26:59 Scout Tower
28:00 Guard Tower
28:00 Guard Tower
28:10 Arcane Vault
28:13 Scout Tower
28:14 Scout Tower
28:20 Scout Tower
28:50 Guard Tower
28:51 Guard Tower
28:56 Guard Tower
28:56 Guard Tower
28:56 Guard Tower
» items
| Mechanical Critter | 4 | |
| Scroll of Regeneration | 4 | |
| Boots of Speed | 1 | |
| Periapt of Vitality | 4 | |
| Scroll of Protection | 3 | |
| Potion of Lesser Invulnerability | 4 | |
| Staff of Teleportation | 2 | |
| Scroll of Town Portal | 3 | |
| Orb of Fire | 1 | |
| Staff of Sanctuary | 1 | |
| Circlet of Nobility | 1 | |
| Scroll of Healing | 1 | |
29 total

»
x3m_test (
pink | 50 APM | 1877 actions | 37:28)
7 Tauren Chieftain
3 Endurance Aura
3 War Stomp
1 Reincarnation
1 Dark Ranger
1 Black Arrow
» actions
| Assign group hotkey | 156 | |
| Basic commands | 18 | |
| Build / train | 91 | |
| ESC pressed | 3 | |
| Enter build submenu | 31 | |
| Enter hero's abilities submenu | 8 | |
| Give item / drop item | 4 | |
| Remove unit from queue | 7 | |
| Right click | 718 | |
| Select / deselect | 318 | |
| Select group hotkey | 414 | |
| Use ability | 109 | |
1877 total
» units
| Peon | 14 | |
| Grunt | 5 | |
| Raider | 1 | |
| Wind Rider | 7 | |
| Goblin Shredder | 1 | |
| Troll Batrider | 15 | |
43 total
» upgrades
| Melee Weapons | 1 | |
| Armor | 1 | |
| Pillage | 1 | |
| Berserker Strength | 0 | |
| Ensnare | 1 | |
| Envenomed Spears | 1 | |
| Troll Regeneration | 1 | |
| Ranged Weapons | 2 | |
| Reinforced Defenses | 1 | |
| Liquid Fire | 1 | |
10 total
» buildings
| Altar of Storms | 1 | |
| Orc Burrow | 6 | |
| Barracks | 1 | |
| War Mill | 1 | |
| Voodoo Lounge | 2 | |
| Stronghold | 1 | |
| Great Hall | 4 | |
| Watch Tower | 13 | |
| Fortress | 1 | |
| Beastiary | 2 | |
32 total
» build order
00:18 Altar of Storms
00:22 Orc Burrow
00:53 Barracks
01:27 War Mill
01:39 Orc Burrow
02:00 Voodoo Lounge
02:40 Orc Burrow
04:45 Stronghold
05:39 Great Hall
05:48 Watch Tower
05:49 Watch Tower
07:00 Watch Tower
07:01 Watch Tower
07:59 Fortress
08:27 Voodoo Lounge
09:05 Beastiary
09:07 Beastiary
10:12 Orc Burrow
12:38 Orc Burrow
12:40 Orc Burrow
15:01 Watch Tower
15:02 Watch Tower
17:22 Watch Tower
17:23 Watch Tower
18:26 Great Hall
21:53 Great Hall
22:12 Watch Tower
23:53 Watch Tower
25:24 Watch Tower
26:33 Watch Tower
27:53 Watch Tower
28:54 Great Hall
» items
| Healing Salve | 4 | |
| Scroll of Speed | 3 | |
| Scroll of Protection | 1 | |
| Scroll of Town Portal | 4 | |
| Orb of Lightning | 2 | |
| Potion of Healing | 3 | |
| Lesser Clarity Potion | 1 | |
| Potion of Lesser Invulnerability | 1 | |
19 total
team 2 (winner)

»
le_bon (
yellow | 80 APM | 2380 actions | 29:54)
5 Pit Lord
3 Rain of Fire
2 Cleaving Attack
3 Death Knight
1 Death Coil
2 Unholy Aura
» actions
| Assign group hotkey | 76 | |
| Basic commands | 20 | |
| Build / train | 79 | |
| Enter build submenu | 36 | |
| Enter hero's abilities submenu | 8 | |
| Give item / drop item | 6 | |
| Remove unit from queue | 2 | |
| Right click | 962 | |
| Select / deselect | 544 | |
| Select group hotkey | 497 | |
| Use ability | 150 | |
2380 total
» units
| Acolyte | 16 | |
| Ghoul | 2 | |
| Crypt Fiend | 4 | |
| Obsidian Statue | 1 | |
| Frost Wyrm | 11 | |
34 total
» upgrades
| Creature Attack | 3 | |
| Creature Carapace | 2 | |
| Web | 1 | |
| Freezing Breath | 1 | |
7 total
» buildings
| Graveyard | 1 | |
| Crypt | 1 | |
| Ziggurat | 16 | |
| Altar of Darkness | 2 | |
| Tomb of Relics | 3 | |
| Halls of the Dead | 1 | |
| Necropolis | 2 | |
| Spirit Tower | 6 | |
| Nerubian Tower | 1 | |
| Sacrificial Pit | 1 | |
| Black Citadel | 1 | |
| Slaughterhouse | 1 | |
| Boneyard | 3 | |
39 total
» build order
00:13 Graveyard
00:20 Crypt
00:36 Ziggurat
00:38 Altar of Darkness
00:48 Altar of Darkness
00:51 Ziggurat
00:54 Tomb of Relics
02:26 Halls of the Dead
03:50 Necropolis
03:53 Ziggurat
03:54 Ziggurat
04:06 Ziggurat
04:37 Tomb of Relics
04:39 Ziggurat
05:11 Spirit Tower
05:11 Spirit Tower
05:20 Nerubian Tower
06:25 Necropolis
06:30 Sacrificial Pit
06:38 Tomb of Relics
06:39 Spirit Tower
06:56 Ziggurat
07:48 Spirit Tower
08:01 Black Citadel
08:22 Spirit Tower
09:53 Slaughterhouse
10:53 Boneyard
11:21 Boneyard
11:22 Boneyard
11:53 Ziggurat
12:55 Spirit Tower
14:14 Ziggurat
14:18 Ziggurat
14:18 Ziggurat
14:20 Ziggurat
15:30 Ziggurat
18:39 Ziggurat
18:41 Ziggurat
21:33 Ziggurat
» items
| Rod of Necromancy | 2 | |
| Sacrificial Skull | 1 | |
| Scroll of Town Portal | 7 | |
| Potion of Mana | 2 | |
| Potion of Healing | 2 | |
| Orb of Corruption | 1 | |
15 total
NoobListBelow (
red | 32 APM | 963 actions | 30:16)
6 Demon Hunter
2 Immolation
3 Evasion
1 Metamorphosis
3 Priestess of the Moon
2 Trueshot Aura
1 Scout
» actions
| Build / train | 67 | |
| Enter build submenu | 25 | |
| Enter hero's abilities submenu | 9 | |
| Give item / drop item | 2 | |
| Right click | 462 | |
| Select / deselect | 332 | |
| Use ability | 66 | |
963 total
» units
| Wisp | 17 | |
| Hippogryph | 18 | |
| Chimaera | 7 | |
42 total
» upgrades
| Strength of the Wild | 3 | |
| Reinforced Hides | 3 | |
| Corrosive Breath | 1 | |
7 total
» buildings
| Moon Well | 8 | |
| Altar of Elders | 1 | |
| Ancient of War | 2 | |
| Tree of Ages | 1 | |
| Tree of Life | 5 | |
| Hunter's Hall | 1 | |
| Tree of Eternity | 1 | |
| Ancient of Wind | 2 | |
| Chimaera Roost | 5 | |
26 total
» build order
00:22 Moon Well
00:36 Altar of Elders
00:44 Ancient of War
01:13 Ancient of War
01:37 Moon Well
03:05 Tree of Ages
04:17 Tree of Life
04:50 Hunter's Hall
05:31 Tree of Eternity
05:57 Ancient of Wind
07:53 Chimaera Roost
07:56 Chimaera Roost
07:59 Chimaera Roost
08:03 Chimaera Roost
08:07 Chimaera Roost
08:55 Moon Well
08:57 Moon Well
10:54 Moon Well
10:57 Moon Well
11:55 Moon Well
11:58 Moon Well
18:39 Ancient of Wind
20:28 Tree of Life
22:09 Tree of Life
22:20 Tree of Life
28:42 Tree of Life
» items
| Scroll of Town Portal | 3 | |
| Healing Salve | 1 | |
4 total
weHaveme (
green | 51 APM | 1536 actions | 30:09)
5 Blademaster
3 Wind Walk
2 Critical Strike
2 Shadow Hunter
1 Hex
1 Healing Wave
» actions
| Basic commands | 29 | |
| Build / train | 85 | |
| ESC pressed | 3 | |
| Enter build submenu | 43 | |
| Enter hero's abilities submenu | 8 | |
| Give item / drop item | 14 | |
| Remove unit from queue | 1 | |
| Right click | 700 | |
| Select / deselect | 510 | |
| Use ability | 142 | |
1536 total
» units
» upgrades
| Spiked Barricades | 3 | |
| Reinforced Defenses | 1 | |
4 total
» buildings
| Orc Burrow | 3 | |
| Altar of Storms | 1 | |
| War Mill | 3 | |
| Voodoo Lounge | 4 | |
| Great Hall | 5 | |
| Watch Tower | 23 | |
| Stronghold | 1 | |
| Fortress | 2 | |
42 total
» build order
01:09 Orc Burrow
02:00 Altar of Storms
03:04 War Mill
03:14 Voodoo Lounge
03:46 Orc Burrow
05:28 Great Hall
09:42 Voodoo Lounge
10:22 Orc Burrow
10:39 Watch Tower
10:40 Watch Tower
10:43 Watch Tower
12:28 Watch Tower
12:29 Watch Tower
12:29 Watch Tower
12:37 Stronghold
12:41 War Mill
12:53 Watch Tower
12:55 Watch Tower
12:56 Watch Tower
14:36 Watch Tower
14:36 Watch Tower
14:37 Watch Tower
14:39 Voodoo Lounge
15:33 Watch Tower
15:34 Watch Tower
16:08 Fortress
16:09 Fortress
17:11 Great Hall
18:23 Great Hall
18:24 Watch Tower
18:24 Watch Tower
18:25 Watch Tower
18:25 Watch Tower
18:59 Watch Tower
19:00 Watch Tower
19:04 Watch Tower
20:40 War Mill
21:01 Great Hall
23:05 Watch Tower
23:05 Watch Tower
23:06 Voodoo Lounge
23:41 Great Hall
» items
| Healing Salve | 8 | |
| Lesser Clarity Potion | 9 | |
| Boots of Speed | 1 | |
| Circlet of Nobility | 4 | |
| Orb of Corruption | 2 | |
| Potion of Mana | 3 | |
| Scroll of Speed | 4 | |
| Scroll of Healing | 4 | |
| Potion of Healing | 2 | |
37 total
BLIZZCONN-KID (
purple | 65 APM | 2650 actions | 40:28)
8 Blademaster
3 Wind Walk
3 Critical Strike
1 Bladestorm
1 Mirror Image
» actions
| Assign group hotkey | 45 | |
| Basic commands | 34 | |
| Build / train | 67 | |
| Enter build submenu | 44 | |
| Enter hero's abilities submenu | 8 | |
| Give item / drop item | 4 | |
| Remove unit from queue | 1 | |
| Right click | 1270 | |
| Select / deselect | 298 | |
| Select group hotkey | 706 | |
| Use ability | 173 | |
2650 total
» units
| Peon | 12 | |
| Grunt | 4 | |
| Goblin Shredder | 1 | |
| Wind Rider | 9 | |
| Troll Batrider | 5 | |
| Goblin Zeppelin | 1 | |
32 total
» upgrades
| Ranged Weapons | 2 | |
| Reinforced Defenses | 1 | |
| Armor | 2 | |
| Envenomed Spears | 1 | |
| Liquid Fire | 1 | |
7 total
» buildings
| Altar of Storms | 1 | |
| Orc Burrow | 8 | |
| Barracks | 1 | |
| Voodoo Lounge | 1 | |
| Stronghold | 2 | |
| Great Hall | 2 | |
| War Mill | 1 | |
| Watch Tower | 51 | |
| Fortress | 2 | |
| Beastiary | 3 | |
72 total
» build order
00:07 Altar of Storms
00:17 Orc Burrow
00:37 Barracks
01:28 Orc Burrow
02:03 Voodoo Lounge
03:21 Stronghold
04:05 Orc Burrow
04:37 Great Hall
04:52 War Mill
06:15 Watch Tower
06:15 Watch Tower
06:22 Watch Tower
06:24 Watch Tower
06:36 Fortress
06:36 Fortress
07:17 Watch Tower
07:21 Watch Tower
07:21 Watch Tower
07:22 Watch Tower
07:29 Watch Tower
07:35 Watch Tower
07:43 Beastiary
07:44 Beastiary
08:21 Beastiary
09:20 Orc Burrow
09:35 Watch Tower
09:36 Watch Tower
09:37 Watch Tower
09:38 Watch Tower
10:19 Watch Tower
10:19 Watch Tower
11:38 Watch Tower
11:39 Watch Tower
11:43 Orc Burrow
11:43 Orc Burrow
13:12 Watch Tower
13:12 Watch Tower
13:13 Watch Tower
14:03 Watch Tower
14:05 Watch Tower
14:06 Watch Tower
16:57 Watch Tower
16:57 Watch Tower
16:58 Watch Tower
16:58 Watch Tower
19:03 Watch Tower
19:04 Watch Tower
19:04 Watch Tower
19:05 Watch Tower
19:10 Watch Tower
19:10 Watch Tower
20:19 Orc Burrow
20:53 Watch Tower
24:24 Stronghold
25:19 Watch Tower
25:20 Watch Tower
27:52 Watch Tower
27:52 Watch Tower
27:53 Watch Tower
27:53 Watch Tower
27:54 Watch Tower
27:54 Watch Tower
30:10 Watch Tower
30:17 Watch Tower
30:17 Watch Tower
31:24 Orc Burrow
31:58 Watch Tower
33:04 Great Hall
33:24 Watch Tower
34:49 Watch Tower
34:52 Watch Tower
34:54 Watch Tower
» items
| Healing Salve | 4 | |
| Staff of Teleportation | 1 | |
| Scroll of Town Portal | 3 | |
| Orb of Lightning | 1 | |
| Potion of Lesser Invulnerability | 1 | |
| Tiny Great Hall | 1 | |
| Lesser Clarity Potion | 1 | |
12 total
Chat log
(00:16 / Allies) le_bon: 100?
(00:43 / Allies) le_bon: thx boy
(01:07 / Allies) BLIZZCONN-KID: i hate this map's creeps
(04:29 / Allies) weHaveme: yllow
(04:44 / Allies) le_bon: 100g?
(05:05 / Allies) BLIZZCONN-KID: wood plz gonna buy sredder will pay back
(05:10 / Allies) BLIZZCONN-KID: i got wyvern bat
(06:16 / Allies) le_bon: thx bro
(06:58 / Allies) BLIZZCONN-KID: feed me
(07:09 / Allies) BLIZZCONN-KID: thx getting 100 food lust wyvern
(08:47 / Allies) BLIZZCONN-KID: feed a lil mor eplz
(08:59 / Allies) le_bon: i need shre3d
(09:10 / Allies) BLIZZCONN-KID: hit there when u can
(09:59 / Allies) BLIZZCONN-KID: tp
(10:20 / Allies) le_bon: gogo
(11:27 / Allies) le_bon: wood
(11:27 / Allies) BLIZZCONN-KID: fuck
(11:48 / Allies) NoobListBelow: wood plz
(11:57 / Allies) le_bon: same
(13:47 / Allies) le_bon: were units guys
(13:48 / Allies) le_bon: red purp
(13:50 / 7) BLIZZCONN-KID: fucking
(13:52 / 7) BLIZZCONN-KID: wisper bug
(14:00 / 10) 71uuaid217: gay
(14:02 / 10) 71uuaid217: not been seing any of yours
(14:04 / 10) 71uuaid217: that is bullshit
(14:10 / Allies) weHaveme: red
(14:13 / Allies) weHaveme: get out
(14:22 / 10) 71uuaid217: b
(14:26 / 10) 71uuaid217: wrong chat
(16:28 / All) 71uuaid217: rape
(16:37 / 7) BLIZZCONN-KID: figh red
(16:39 / All) BLIZZCONN-KID: red
(17:08 / Allies) le_bon: wood
(17:09 / Allies) le_bon: gold
(17:54 / All) BLIZZCONN-KID: cHIMS
(18:00 / Allies) le_bon: b
(18:26 / Allies) le_bon: we gonna lose
(18:29 / Allies) le_bon: for hero lvl
(18:29 / 7) BLIZZCONN-KID: WE FINE
(18:30 / All) BLIZZCONN-KID: we fine
(18:45 / 7) BLIZZCONN-KID: fuck
(18:47 / 7) BLIZZCONN-KID: green epxo
(18:49 / 7) BLIZZCONN-KID: ur side
(18:51 / 7) BLIZZCONN-KID: top mid
(18:54 / 10) 71uuaid217: lawl
(19:01 / Allies) le_bon: need
(19:02 / Allies) le_bon: u
(19:14 / Allies) weHaveme: red
(19:15 / Allies) weHaveme: take rob
(19:17 / Allies) weHaveme: orgb
(20:13 / Allies) le_bon: gold
(20:34 / Allies) le_bon: gold for tp
(20:34 / 7) BLIZZCONN-KID: get bats
(20:41 / 10) 71uuaid217: dhawks you mean?
(21:03 / 7) BLIZZCONN-KID: oops
(21:07 / All) BLIZZCONN-KID: gold
(21:09 / Allies) le_bon: PURO GOLD
(21:19 / Allies) le_bon: wtf dud
(21:22 / Allies) le_bon: standing on 5k
(22:25 / Allies) le_bon: gold
(22:29 / 7) BLIZZCONN-KID: omw
(22:58 / All) weHaveme: thx purple
(23:00 / All) 71uuaid217: raped
(23:04 / Allies) le_bon: dammmmmm
(23:06 / 7) BLIZZCONN-KID: take pink sexpo
(23:09 / Allies) le_bon: ¸here the lost
(23:18 / 10) 71uuaid217: he rebuilding it bot mid
(23:27 / 10) 71uuaid217: I'll take top mid
(23:45 / Allies) le_bon: why not gold us?
(23:47 / Allies) le_bon: trooling?
(24:09 / 7) BLIZZCONN-KID: expos right side
(24:09 / Allies) le_bon: if u dont share gold at night time im out
(24:11 / 7) BLIZZCONN-KID: green middle
(24:30 / Allies) weHaveme: just fight together
(24:52 / Allies) weHaveme: 1v3, 1v4 is cool
(24:54 / Allies) weHaveme: but dumb
(25:06 / 7) BLIZZCONN-KID: hit middle expos
(25:07 / 7) BLIZZCONN-KID: middle
(25:14 / 7) BLIZZCONN-KID: k?
(25:18 / 10) 71uuaid217: k
(25:57 / Allies) le_bon: gold
(26:00 / Allies) le_bon: for 100 food cap
(26:09 / Allies) weHaveme: idiots
(26:11 / All) le_bon: purp at 7k gold..
(26:15 / All) 71uuaid217: I'm at 4k
(26:16 / All) 71uuaid217: quit whining
(26:21 / All) 71uuaid217: my team is begging for gold all game
(26:37 / All) weHaveme: yeah...
(26:43 / All) weHaveme: not mine...
(26:55 / 7) BLIZZCONN-KID: tp
(26:58 / All) BLIZZCONN-KID: tp
(27:08 / All) weHaveme: let me get stafff
(27:12 / 7) BLIZZCONN-KID: where pinkj army
(27:17 / 10) 71uuaid217: he's at shop our side
(27:20 / All) weHaveme: i'll tp on ur hero so they can nuke him
(27:22 / 7) BLIZZCONN-KID: make him go righ tside
(27:31 / All) BLIZZCONN-KID: that was an accident
(27:35 / All) weHaveme: please attadck top left
(27:42 / 7) BLIZZCONN-KID: hit rihgt side
(27:44 / 7) BLIZZCONN-KID: and we win
(27:53 / 10) 71uuaid217: try to ping oj or pink mains
(27:58 / 10) 71uuaid217: rather than near my mid expo
(28:06 / 7) BLIZZCONN-KID: if they hit right we win
(28:25 / 7) BLIZZCONN-KID: where are they
(28:44 / All) le_bon: geeo
(28:48 / 7) BLIZZCONN-KID: their arjmy is strong
(29:04 / 10) 71uuaid217: so is ours
(29:09 / 7) BLIZZCONN-KID: good we win
(29:17 / All) BLIZZCONN-KID: use bats retard
(29:57 / 7) BLIZZCONN-KID: we
(30:06 / All) weHaveme: top
(30:08 / All) weHaveme: left
(30:35 / 10) 71uuaid217: tking now
(30:40 / 7) BLIZZCONN-KID: i got oj
(31:04 / All) BLIZZCONN-KID: leave plz
(31:05 / All) BLIZZCONN-KID: i win
(32:17 / All) BLIZZCONN-KID: i won woot
(32:52 / All) BLIZZCONN-KID: leave plz
(32:53 / All) BLIZZCONN-KID: lol
(32:55 / All) BLIZZCONN-KID: u lose
(33:29 / All) 71uuaid217: Pink is telling me he loves to suck cock
(33:32 / All) BLIZZCONN-KID: lawl
(34:04 / 10) 71uuaid217: kill pink expo bot mid ur side
(34:05 / All) BLIZZCONN-KID: gonna kill that dreadlord
(34:06 / All) x3m_test: lmao u ssux even ant this
(34:36 / All) BLIZZCONN-KID: leave plz i win
(35:03 / All) BLIZZCONN-KID: i got 10k gold even if u beat me i rebuild
(35:15 / All) x3m_test: nah, u cant win, not even close, u sux, and u need an asshole like teal to "win"
(35:33 / All) BLIZZCONN-KID: lawl, teal is my bro, we live together
(35:35 / All) x3m_test: say it teal, u suck the dick of purp
(35:46 / All) 71uuaid217: pink is an expert at sucking cock
(35:52 / All) x3m_test: gay roomies?
(35:58 / All) 71uuaid217: he loves to imagine dudes from 4v4 sucking dick
(36:25 / All) BLIZZCONN-KID: staff tc lawl
(36:45 / All) BLIZZCONN-KID: dead
(36:46 / All) BLIZZCONN-KID: cow
(36:47 / All) x3m_test: LMAO u need teal to win this, how patethic u both are
(36:47 / All) BLIZZCONN-KID: MOooo
(36:58 / All) BLIZZCONN-KID: we're pro, we never lose
(37:01 / All) BLIZZCONN-KID: teal #1
(37:01 / All) darksideofhemp: we won
(37:06 / All) darksideofhemp: bye suckers
(37:10 / All) x3m_test: enjoy, keep believing ur good at this
(37:15 / All) BLIZZCONN-KID: end this quick
(37:19 / All) BLIZZCONN-KID: case i dc
(37:20 / All) 71uuaid217: Oj loves imagining gay sex too
(37:22 / All) 71uuaid217: what's with this team
(38:17 / All) BLIZZCONN-KID: "we won"
(38:18 / All) BLIZZCONN-KID: lawl
(38:25 / All) BLIZZCONN-KID: "we won bye suckers"
(38:26 / All) 71uuaid217: this worked out perfectly
(38:28 / All) 71uuaid217: very relaxing game
(38:35 / All) 71uuaid217: what team lose
(38:36 / All) 71uuaid217: let's stats
(38:37 / All) BLIZZCONN-KID: yes once they hit rihgt side i knew it was over
(38:40 / All) 71uuaid217: blue 174-155
(38:47 / All) 71uuaid217: oj 1868-2092
(38:52 / All) 71uuaid217: pink 1886-1914
(39:00 / All) BLIZZCONN-KID: s/tats wehaveme
(39:01 / All) 71uuaid217: blue lose imo unless your team has better
(39:09 / All) 71uuaid217: 14-11
(39:11 / All) BLIZZCONN-KID: yea blue lose
(39:22 / All) BLIZZCONN-KID: let me
(39:25 / All) BLIZZCONN-KID: kill ur am first
(39:35 / All) 71uuaid217: bot left goblin shop
(40:20 / All) 71uuaid217: nice try
(40:24 / All) BLIZZCONN-KID: blue lose
(40:25 / All) 71uuaid217: didn't even give me a level up